 Dungeon Crawl Stone Soup version 0.30.1-4-g462c640d31 (webtiles) character file.

Game seed: 4274808540525153941

277 Mels the Chiller (level 6, -2/49 HPs)
             Began as a Naga Ice Elementalist on Aug 31, 2023.
             Was an Initiate of Hepliaklqana.
             Slain by a sleepcap (17 damage)
             ... on level 4 of the Dungeon.
             The game lasted 00:05:38 (2827 turns).

Mels the Chiller (Naga Ice Elementalist)            Turns: 2827, Time: 00:05:38

Health: -2/49      AC:  3    Str: 10    XL:     6   Next: 26%
Magic:  9/12       EV:  1    Int: 17    God:    Hepliaklqana [......]
Gold:   128        SH:  0    Dex: 12    Spells: 9/13 levels left

rFire   . . .        (no weapon)
rCold   . . .        (no shield)
rNeg    . . .        a - +0 robe
rPois   +            (no helmet)
rElec   .            (no cloak)
rCorr   .            (no gloves)
SInv    +            (no barding)
Will    .....        (no amulet)
Stlth   ++           (no ring)
HPRegen 0.28/turn    (no ring)
MPRegen 0.13/turn

%: no passive effects
@: short of breath, sleeping, very slow
A: AC +2, large, see invisible, deformed body, poison resistance, slowness 2,
spit poison 1, naga tail 1
a: Spit Poison, Renounce Religion


You were on level 4 of the Dungeon.
You worshipped Hepliaklqana.
Hepliaklqana was noncommittal.
You visited 1 branch of the dungeon, and saw 4 of its levels.

You collected 128 gold pieces.

Inventory:

Armour
 a - a +0 robe (worn)
Jewellery
 i - an amulet of guardian spirit
Wands
 d - a wand of flame (13)
Scrolls
 g - 2 scrolls of enchant weapon
 h - a scroll of fear
 k - 2 scrolls of teleportation
 l - a scroll of brand weapon
 o - a scroll of noise {unknown}
 p - a scroll of acquirement {unknown}
Potions
 b - a potion of attraction {unknown}
 c - a potion of invisibility {unknown}
 e - a potion of heal wounds {unknown}
 f - a potion of flight {unknown}
 j - 5 potions of haste {unknown}
 m - 2 potions of curing
 n - 2 potions of brilliance {unknown}


   Skills:
 - Level 1.5 Dodging
 - Level 3.0 Stealth
 - Level 4.0 Spellcasting
 + Level 6.2 Ice Magic


You had 9 spell levels left.
You knew the following spells:

 Your Spells              Type           Power      Damage    Failure   Level
a - Freeze                Ice            96%        1d10      1%          1
b - Frozen Ramparts       Ice            48%        1d8       3%          3

Your spell library contained the following spells:

 Spells                   Type           Power      Damage    Failure   Level
 Ozocubu's Armour         Ice            24%        N/A       3%          3
 Summon Ice Beast         Ice/Summ       14%        N/A       41%         4


Dungeon Overview and Level Annotations

Branches:
Dungeon (4/15)
 Temple: D:4-7

Altars:
Cheibriados
Elyvilon
Gozag
Hepliaklqana
Makhleb
Nemelex Xobeh
Ru
Wu Jian
Xom


Innate Abilities, Weirdness & Mutations

Your serpentine skin is tough. (AC +2)
You have supernaturally acute eyesight. (SInv)
Armour fits poorly on your strangely shaped body.
Your system is resistant to poisons. (rPois)
You cover ground very slowly.
You can spit poison.
You have a snake-like lower body.


Message History

The gnoll hits you with a +2 flail of protection!
The wall freezes the gnoll but does no damage.
The gnoll closely misses you. The gnoll barely misses you.
The wall freezes the worm!
The ufetubus resists.
The wall freezes the ufetubus.
The ufetubus completely misses you.
The ufetubus hits you but does no damage.
The wall freezes the gnoll but does no damage.
The gnoll hits you with a +0 spear!
The gnoll hits you from afar with a +0 spear.
The wall freezes the gnoll but does no damage.
The gnoll hits you with a +2 flail of protection.
The ufetubus resists.
The wall freezes the ufetubus.
The ufetubus hits you but does no damage.
The ufetubus barely misses you.
The wall freezes the worm.
The ufetubus resists.
The wall freezes the ufetubus.
You kill the ufetubus!
The wall freezes the gnoll!
The gnoll hits you with a +2 flail of protection!
The wall freezes the gnoll.
The gnoll hits you but does no damage. The gnoll barely misses you.
Unknown command.
You feel better.
The wall freezes the gnoll.
The gnoll hits you with a +2 flail of protection.
The gnoll hits you from afar with a +0 spear.
* * * LOW HITPOINT WARNING * * *
The wall freezes the gnoll.
You kill the gnoll!
As you read the scroll of fear, it crumbles to dust.
You assume a fearsome visage.
The worm looks frightened!
The gnoll looks frightened! x2; The frozen ramparts melt away.
The sleepcap barely misses you.
Aiming: Spit Poison (1% risk of failure)
Press: ? - help, Shift-Dir - straight line, f - sleepcap
Aim: a sleepcap (100% to hit)
The splash of poison hits the sleepcap.
The sleepcap completely resists.
The sleepcap releases spores at you.
You are engulfed in a cloud of soporific spores!
You fall asleep.
The sleepcap releases spores at you!
You die...

..............##
.....#
..w...........#
8...8#
#....#....g...#
##_##
#....#.f.....## ##
#...)#).......
.###....##.....#
.........# ....#
........f## ..##
........g@## ##
......[....##
............##
.............######
..............#...#
...........#.....##
..........##...####
..........##......##
#
..........###......#
####


You could see a sleepcap, a worm (fleeing) and a goblin.

Vanquished Creatures
  A phantom (D:4)
  Terence (D:2)
  2 orc wizards (D:4)
  2 gnolls (D:4)
  2 adders (D:3)
  An ufetubus (D:4)
  2 dart slugs (D:1)
  3 orcs (D:4)
  6 endoplasms
  9 giant cockroaches
  5 goblins
  9 hobgoblins
  3 jackals (D:3)
  3 quokkas
  5 ball pythons
  6 bats
  5 frilled lizards
  8 kobolds
  A rat (D:3)
74 creatures vanquished.

Notes
Turn   | Place    | Note
-------+----------+-------------------------------------------
     0 | D:1      | Mels the Naga Ice Elementalist began the quest for the Orb.
     0 | D:1      | Reached XP level 1. HP: 15/15 MP: 3/3
   117 | D:1      | Reached XP level 2. HP: 19/22 MP: 1/5
   692 | D:1      | Reached XP level 3. HP: 28/28 MP: 4/7
   703 | D:1      | Learned a level 3 spell: Frozen Ramparts
  1233 | D:2      | Noticed Terence
  1239 | D:2      | Killed Terence
  1240 | D:2      | Reached XP level 4. HP: 26/36 MP: 2/10
  2197 | D:3      | Found an opulent altar of Gozag.
  2197 | D:3      | Found a burning altar of Makhleb.
  2204 | D:3      | Found a hazy altar of Hepliaklqana.
  2206 | D:3      | Found an ornate altar of the Wu Jian Council.
  2208 | D:3      | Found a white marble altar of Elyvilon.
  2218 | D:3      | Became a worshipper of Hepliaklqana the Forgotten
  2300 | D:4      | Reached skill level 5 in Ice Magic
  2300 | D:4      | Reached XP level 5. HP: 41/42 MP: 7/11
  2459 | D:4      | Found a shimmering altar of Xom.
  2463 | D:4      | Found a snail-covered altar of Cheibriados.
  2602 | D:4      | Found a sparkling altar of Nemelex Xobeh.
  2611 | D:4      | Found a sacrificial altar of Ru.
  2632 | D:4      | Noticed a phantom
  2645 | D:4      | Killed a phantom
  2646 | D:4      | Reached skill level 6 in Ice Magic
  2646 | D:4      | Reached XP level 6. HP: 12/49 MP: 7/12
  2827 | D:4      | Slain by a sleepcap

Illustrated notes

Levels and vault maps discovered:
D:1:      minmay_arrival_cross, layout_loops_ring
D:2:      layout_rooms, uniq_terence
D:3:      layout_basic, chequers_temple_overflow_minitemple,
          serial_corexii_hall, corexii_hall_statues_i, corexii_hall_statues_x,
          nicolae_concentric_dashed_squares_mild
D:4:      cheibrodos_helix_gallery, layout_cave_pods,
          chequers_temple_overflow_statue_of_worship,
          nicolae_overflow_hidden_temple

Skill      XL: |  1  2  3  4  5 |
---------------+----------------+-----
Spellcasting   | 3 4 |  4.0
Ice Magic      | 5 6 |  6.2
Dodging        | |  1.5
Stealth        | |  3.0

Action                     |  1- 3 |  4- 6 || total
---------------------------+-------+-------++-------
  Melee: Unarmed           |    10 |     2 ||    12
   Cast: Freeze            |    41 |    34 ||    75
         Frozen Ramparts   |     2 |     5 ||     7
Ability: Spit Poison       |    17 |     8 ||    25
  Evoke: Wand              |       |     9 ||     9
    Use: Potion            |     1 |     2 ||     3
         Scroll            |       |     6 ||     6
 Armour: Robe              |    14 |    10 ||    24
  Dodge: Dodged            |    29 |    29 ||    58
